 Dungeon Crawl Stone Soup version 0.31-a0-549-gf98fd537a9 (webtiles) character file.

Game seed: 2239939004837142322

574 AdnanSaban the Covered (level 7, -8/44 HPs)
             Began as a Gargoyle Fighter on Aug 16, 2023.
             Was an Initiate of Okawaru.
             Mangled by Prince Ribbit (12 damage)
             ... on level 7 of the Dungeon.
             The game lasted 00:03:24 (2440 turns).

AdnanSaban the Covered (Gargoyle Fighter)           Turns: 2440, Time: 00:03:25

Health: -8/44      AC: 12    Str: 21    XL:     7   Next: 34%
Magic:  7/7        EV: 10    Int:  9    God:    Okawaru [......]
Gold:   153        SH:  4    Dex:  9    Spells: 6/6 levels left

rFire   . . .        a - +0 flail
rCold   . . .        c - +0 buckler
rNeg    + . .        b - +0 scale mail
rPois   ∞            (no helmet)
rElec   +            (no cloak)
rCorr   .            (no gloves)
SInv    .            (no boots)
Will    .....        i - amulet of regeneration Stlth
                     (no ring)
HPRegen 1.07/turn    (no ring)
MPRegen 0.10/turn

%: no passive effects
@: no status effects
A: sickness immunity, AC +4, negative energy resistance 1, electricity
resistance, torment resistance 1, petrification resistance
a: Renounce Religion


You were on level 7 of the Dungeon.
You worshipped Okawaru.
Okawaru was noncommittal.
You visited 2 branches of the dungeon, and saw 7 of its levels.

You collected 153 gold pieces.

Inventory:

Hand Weapons
 a - a +0 flail (weapon)
Missiles
 e - 3 curare-tipped darts
 s - 2 throwing nets
Armour
 b - a +0 scale mail (worn)
 c - a +0 buckler (worn)
Jewellery
 i - an amulet of regeneration (around neck)
Wands
 h - a wand of flame (23)
 t - a wand of mindburst (14)
Scrolls
 f - a scroll of torment {unknown}
 j - 2 scrolls of identify {unknown}
 k - a scroll of enchant weapon {unknown}
 l - a scroll of poison {unknown}
 m - 2 scrolls of silence {unknown}
 n - a scroll of fog {unknown}
 r - a scroll of teleportation {unknown}
 u - a scroll of immolation {unknown}
Potions
 d - a potion of might
 g - a potion of ambrosia {unknown}
 o - a potion of haste {unknown}
 p - a potion of berserk rage {unknown}


   Skills:
 + Level 4.8 Fighting
 + Level 4.7 Maces & Flails
 + Level 5.1 Armour
 + Level 1.8 Dodging
 + Level 0.2 Stealth
 + Level 4.5 Shields


You had 6 spell levels left.
You didn't know any spells.
Your spell library contained the following spells:

 Spells                   Type           Power      Damage    Failure   Level
 Shock                    Conj/Air       0%         1d3       78%         1
 Ensorcelled Hibernation  Hex/Ice        0%         N/A       89%         2
 Passwall                 Tmut/Erth      0%         N/A       89%         2
 Swiftness                Air            0%         N/A       98%         3
 Airstrike                Air            0%         2d(0-16)  100%        4


Dungeon Overview and Level Annotations

Branches:
Dungeon (7/15)             Temple (1/1) D:6

Altars:
Ashenzari
Cheibriados
Elyvilon
Gozag
Hepliaklqana
Makhleb
Nemelex Xobeh
Okawaru
Qazlal
Sif Muna
Uskayaw
Wu Jian
Xom
The Shining One

Shops:
D:1 [   D:6 (

Annotations:
D:3 1 runed translucent door, flt's ghost, amateur DgSh
D:7 Prince Ribbit


Innate Abilities, Weirdness & Mutations

You are immune to sickness and miasma.
Your stone body is resilient. (AC +4)
You are immune to poison.
You resist negative energy. (rN+)
You are resistant to electric shocks. (rElec)
You are resistant to unholy torment.
You are immune to petrification.


Message History

You barely miss Prince Ribbit.
Prince Ribbit is moderately wounded.
Prince Ribbit hits you but does no damage.
Prince Ribbit blinks!
Prince Ribbit barely misses you. Prince Ribbit attacks as you move away!
Prince Ribbit closely misses you. Prince Ribbit barely misses you.
There is a stone staircase leading up here.
You closely miss Prince Ribbit.
Prince Ribbit is moderately wounded.
Prince Ribbit hits you.
You hit Prince Ribbit.
Prince Ribbit is heavily wounded.
Prince Ribbit hits you but does no damage.
Prince Ribbit blinks!
You throw a poisoned dart.
The poisoned dart barely misses Prince Ribbit.
Prince Ribbit closely misses you. Prince Ribbit barely misses you.
You closely miss Prince Ribbit.
Prince Ribbit is heavily wounded.
Prince Ribbit hits you!
You miss Prince Ribbit.
Prince Ribbit is heavily wounded.
Prince Ribbit closely misses you. Prince Ribbit hits you!
You hit Prince Ribbit.
Prince Ribbit is heavily wounded.
Prince Ribbit hits you. Prince Ribbit hits you!
* * * LOW HITPOINT WARNING * * *
You are too injured to fight recklessly!
You sock Prince Ribbit!
Prince Ribbit is almost dead.
Prince Ribbit hits you!
* * * LOW HITPOINT WARNING * * *
Prince Ribbit hits you but does no damage.
Prince Ribbit attacks as you move away! Prince Ribbit barely misses you.
There is a stone staircase leading up here.
You closely miss Prince Ribbit.
Prince Ribbit is almost dead.
Prince Ribbit closely misses you. Prince Ribbit hits you!
You die...

### ...
#.# #!#
####@#
#(.F.#
#.#..#
#....#
#.......
###....##
#(#.##
#.### #.


You could see Prince Ribbit.

Vanquished Creatures
  An ogre (D:6)
  A centaur (D:6)
  A gnoll sergeant (D:6)
  A scorpion (D:6)
  2 hounds
  An orc priest (D:5)
  An iguana (D:6)
  An orc wizard (D:3)
  7 gnolls (D:6)
  2 adders (D:6)
  2 dart slugs
  6 orcs
  3 bats
  9 endoplasms
  5 goblins
  3 hobgoblins (D:1)
  4 kobolds
  3 quokkas (D:1)
  7 ball pythons
  3 frilled lizards
  4 rats
67 creatures vanquished.

Notes
Turn   | Place    | Note
-------+----------+-------------------------------------------
     0 | D:1      | AdnanSaban the Gargoyle Fighter began the quest for the
                  | Orb.
     0 | D:1      | Reached XP level 1. HP: 14/14 MP: 1/1
    84 | D:1      | Found Bikle's Antique Armour Boutique.
    95 | D:1      | Reached XP level 2. HP: 19/19 MP: 2/2
   749 | D:2      | Reached XP level 3. HP: 23/23 MP: 3/3
   922 | D:2      | Found a hazy altar of Hepliaklqana.
  1047 | D:2      | Found a faded altar of an unknown god.
  1401 | D:3      | Found a runed translucent door.
  1402 | D:3      | Noticed a bullfrog
  1405 | D:3      | Noticed flt's ghost (amateur DgSh)
  1459 | D:3      | Reached XP level 4. HP: 29/29 MP: 4/4
  1699 | D:3      | You fall into a shaft and drop 3 floors!
  1750 | D:6      | Reached XP level 5. HP: 24/33 MP: 5/5
  1872 | D:6      | Reached skill level 4 in Armour
  1928 | D:6      | Reached skill level 1 in Dodging
  1935 | D:6      | Reached XP level 6. HP: 21/39 MP: 6/6
  2078 | D:5      | Entered Level 5 of the Dungeon
  2159 | D:5      | Found a white marble altar of Elyvilon.
  2206 | D:6      | Reached skill level 5 in Armour
  2206 | D:6      | Reached XP level 7. HP: 44/44 MP: 7/7
  2246 | D:6      | Found a staircase to the Ecumenical Temple.
  2254 | Temple   | Entered the Ecumenical Temple
  2275 | Temple   | Became a worshipper of Warmaster Okawaru
  2355 | D:6      | Found Daff's Weapon Emporium.
  2393 | D:7      | Noticed Prince Ribbit
  2438 | D:7      | HP: 1/44 [Prince Ribbit (11)]
  2440 | D:7      | Mangled by Prince Ribbit

Illustrated notes

Levels and vault maps discovered:
D:1:      nicolae_arrival_somewhat_less_tricky_arrival, layout_basic,
          serial_shops, nicolae_square_shop, minmay_misc_feat_five
D:2:      layout_loops_cross, basic_altar, basic_ecumenical_altar,
          kennysheep_generic_room_5
D:3:      layout_loops_cross, ebering_ghost_sewer_d, corexii_shack,
          corexii_hall_statues_x, uniq_sigmund
D:5:      layout_basic, elyvilon_altar_5, lemuel_mausoleum_altar_kikubaaqudgha,
          serial_shops, nicolae_shop_real_fake_doors, minmay_fire_ice_demons
D:6:      layout_basic, minmay_temple_entry_ruins, serial_shops, shop,
          serial_glass, glass_columns_a, glass_columns_a,
          dilly_guarded_unrand_morg
D:7:      layout_loops_corners, serial_shops, shop, uniq_prince_ribbit1
Temple:   minmay_temple_bridge_abc

Skill      XL: |  1  2  3  4  5  6 |
---------------+-------------------+-----
Maces & Flails | 3 4 |  4.7
Fighting       | 4 |  4.8
Armour         | 4 5 |  5.1
Dodging        | 1 |  1.8
Shields        | 4 |  4.5
Stealth        | |  0.2

Action                     |  1- 3 |  4- 6 |  7- 9 || total
---------------------------+-------+-------+-------++-------
  Melee: Flail             |   127 |   148 |    58 ||   333
  Throw: Dart              |       |       |     2 ||     2
 Armour: Scale mail        |    94 |   128 |    19 ||   241
  Dodge: Dodged            |    78 |    98 |    27 ||   203
  Block: Buckler           |    28 |    54 |    11 ||    93

Table legend: (Time is in decaauts)
 A = Elapsed time spent in this place.
 B = Non-inter-level travel time spent in this place.
 C = Inter-level travel time spent in this place.
 D = Time resting spent in this place.
 E = Time spent auto-exploring this place.
 F = Levels seen in this place.
 G = Mean time per level.
                   A        B        C        D        E       F      G
               +--------+--------+--------+--------+--------+-----+--------+
         Total |   2530 |   2453 |     77 |     18 |   1683 |   7 |  361.4 |
       Dungeon |   2487 |   2450 |     37 |     18 |   1683 |   6 |  414.5 |
        Temple |     42 |      2 |     40 |      0 |      0 |   1 |   42.0 |
               +--------+--------+--------+--------+--------+-----+--------+

Top non-repeatable levels by time:
     D:1: 724 daAuts
     D:2: 664 daAuts
     D:6: 603 daAuts
     D:3: 353 daAuts
     D:5: 112 daAuts
  Temple: 42 daAuts
     D:7: 30 daAuts
